 Dungeon Crawl Stone Soup version 0.30.1-11-g7821555f0a (webtiles) character file.

Game seed: 2338883032117008909

1015 monsoonserge the Magician (level 8, 0/54 HPs)
             Began as a Djinni Venom Mage on Nov 16, 2023.
             Was a Follower of Elyvilon.
             Slain by an orc wizard
             ... wielding a +0 dagger
              (4 damage)
             ... on level 6 of the Dungeon.
             The game lasted 00:23:24 (5317 turns).

monsoonserge the Magician (Djinni Venom Mage)       Turns: 5317, Time: 00:23:25

Health: 0/54       AC:  3    Str:  7    XL:     8   Next: 45%
Gold:   50         EV: 13    Int: 20    God:    Elyvilon [*.....] SH:  0 Dex: 13

rFire   + + .        J - +1 rapier (speed)
rCold   x x .        (no shield)
rNeg    + . .        v - +1 robe of Tomorrow {Fly rC- rN+ Will++}
rPois   ∞            (no helmet)
rElec   .            (no cloak)
rCorr   .            (no gloves)
SInv    .            (boots unavailable)
Will    ++...        l - amulet of the acrobat
Stlth   ++           (no ring)
HPRegen 0.29/turn    (no ring)
MPRegen 0.00/turn

%: acrobat, infuse magic (-1 HP)
@: flying, very slightly contaminated
A: sickness immunity, fire resistance 2, cold vulnerability 1, float, innate
caster, HP casting, extra vitality 1
a: Renounce Religion, Purification


You were on level 6 of the Dungeon.
You worshipped Elyvilon.
Elyvilon was aware of your devotion.
You visited 1 branch of the dungeon, and saw 7 of its levels.
You also visited: Sewer.

You collected 359 gold pieces.
You spent 309 gold pieces at shops.

Inventory:

Hand Weapons
 J - a +1 rapier of speed (weapon)
Missiles
 p - 2 javelins (quivered)
Armour
 v - the +1 robe of Tomorrow (worn) {Fly rC- rN+ Will++}
   (You found it on level 3 of the Dungeon)

   rC:        It makes you vulnerable to cold.
   rN:        It protects you from negative energy.
   Fly:       It grants you flight.
   Will:      It greatly increases your willpower.
 D - a +0 leather armour of fire resistance
 H - a +1 leather armour of willpower
Magical Staves
 E - a staff of conjuration
Jewellery
 l - an amulet of the acrobat (around neck)
Wands
 k - a wand of quicksilver (5)
 I - a wand of flame (12)
Scrolls
 a - 2 scrolls of silence {unknown}
 f - 3 scrolls of amnesia {unknown}
 g - 6 scrolls of teleportation
 h - 4 scrolls of blinking {unknown}
 i - a scroll of enchant weapon {unknown}
 j - a scroll of summoning
 o - 4 scrolls of poison {unknown}
 q - 3 scrolls of vulnerability {unknown}
 r - 2 scrolls of fog {unknown}
 u - 4 scrolls of identify {unknown}
 w - a scroll of fear {unknown}
 x - a scroll of enchant armour {unknown}
 y - a scroll of magic mapping {unknown}
 C - a scroll of immolation {unknown}
 G - a scroll of torment {unknown}
Potions
 b - 4 potions of heal wounds {unknown}
 c - 9 potions of curing {unknown}
 d - a potion of brilliance {unknown}
 m - 3 potions of attraction {unknown}
 n - 3 potions of haste {unknown}
 s - a potion of cancellation {unknown}
 t - a potion of lignification {unknown}
 z - 2 potions of degeneration {unknown}
 A - a potion of resistance {unknown}
 B - a potion of mutation {unknown}
 F - a potion of berserk rage {unknown}


   Skills:
 + Level 2.0 Fighting
 + Level 0.1 Short Blades
 + Level 2.9 Axes
 - Level 0.4 Armour
 + Level 3.2 Dodging
 + Level 3.2 Stealth
 * Level 5.7 Spellcasting
 + Level 1.0 Invocations


You knew the following spells:

 Your Spells              Type           Power      Damage    Failure   Level
a - Sting                 Tmut/Pois      100%       1d8       1%          1
b - Poisonous Vapours     Pois/Air       56%        N/A       1%          2
c - Mephitic Cloud        Conj/Pois/Air  28%        N/A       3%          3
d - Olgreb's Toxic Radia  Pois           28%        N/A       10%         4
e - Beastly Appendage     Tmut           56%        N/A       1%          1
f - Momentum Strike       Conj/Tloc      56%        3d9       1%          2
g - Gell's Gravitas       Tloc           28%        N/A       3%          3
Your spell library was empty.

Dungeon Overview and Level Annotations

Branches:
Dungeon (7/15)              Sewer (visited)
 Temple: D:4-7

Altars:
Elyvilon
Fedhas
Hepliaklqana
Okawaru
Xom
Zin
The Shining One

Shops:
D:2 ?   D:3 *   D:4 **=?*

Annotations:
D:6 1 runed translucent door, Crazy Yiuf


Innate Abilities, Weirdness & Mutations

You are immune to sickness and miasma.
You are immune to poison.
Your flesh is very heat resistant. (rF++)
You are vulnerable to cold. (rC-)
You float through the air rather than walking.
You learn spells naturally, not from books.
Your magical power is your life essence.
You have superior vitality. (+4 MHP)


Message History

Confirm with . or Enter, or press ? or * to list all spells.
Aiming: Mephitic Cloud (dangerous; 3% risk of failure)
Press: ? - help, Shift-Dir - straight line, f - you The ball explodes into a vile cloud!
The stinking cloud engulfs you but does no damage.
The stinking cloud engulfs the orc warrior but does no damage.
The stinking cloud engulfs the orc wizard but does no damage.
The orc wizard is moderately wounded.
The orc warrior hits you with a +0 halberd!
The orc wizard gestures at you while chanting.
The puff of flame misses you.
Casting: Mephitic Cloud (dangerous; 3% risk of failure)
Confirm with . or Enter, or press ? or * to list all spells.
You miscast Olgreb's Toxic Radiance.
You are very lightly contaminated with residual magic.
You feel odd. You resist.
The orc warrior hits you with a +0 halberd!
The orc wizard misses you.
Casting: Olgreb's Toxic Radiance (dangerous; 10% risk of failure)
Confirm with . or Enter, or press ? or * to list all spells.
You miscast Olgreb's Toxic Radiance.
Nothing appears to happen.
The orc wizard hits you but does no damage.
The orc warrior hits you with a +0 halberd!
* * * LOW HITPOINT WARNING * * *
Unknown command.
Casting: Olgreb's Toxic Radiance (dangerous; 10% risk of failure)
Confirm with . or Enter, or press ? or * to list all spells.
Aiming: Mephitic Cloud (dangerous; 3% risk of failure)
Press: ? - help, Shift-Dir - straight line, f - orc warrior
Aim: an orc warrior, wielding a +0 halberd and wearing a +0 chain mail (chance to affect: 81%)
The ball explodes into a vile cloud!
The stinking cloud engulfs the orc warrior but does no damage.
The stinking cloud engulfs you but does no damage.
The stinking cloud engulfs the orc wizard but does no damage.
The orc wizard is moderately wounded.
* * * LOW HITPOINT WARNING * * *
The orc warrior is engulfed in noxious fumes.
The orc warrior appears confused.
The orc warrior misses you.
The orc wizard hits you with a +0 dagger.
You die...

#...+.♣♣♣♣.........>.......#
#)..#♣♣ ♣♣.+..............#
### ♣♣##.............#
#.##'########## #.#.......#
####.#...<...#
#...<#.......#
######o...#####..##
#####....o@°###..##..##
#.PP#....°☼.#.........#
#._P#.......#........>#
#...##......#######'###
##...#######..........#
###P.P#.....#..........#
#...........'..........#
#.........###..........#####
#..#...####......####......#


You could see an orc warrior (confused) and an orc wizard.

Vanquished Creatures
  Duvessa (D:4)
  A centaur (D:5)
  2 phantoms
  A gnoll sergeant (D:6)
  2 scorpions
  Dowan (D:4)
  A jelly (D:4)
  An orc priest (D:4)
  2 hounds
  A sleepcap (D:5)
  2 iguanas
  An orc wizard (D:4)
  A hell rat (Sewer)
  4 adders
  3 gnolls (D:6)
  3 river rats (Sewer)
  2 white imps (D:5)
  An ufetubus (D:6)
  3 worms
  3 dart slugs
  10 orcs
  4 ball pythons
  5 endoplasms
  3 giant cockroaches
  4 goblins
  4 hobgoblins
  9 jackals
  4 quokkas
  7 bats
  2 frilled lizards (D:2)
  8 kobolds
  11 rats
107 creatures vanquished.

Vanquished Creatures (others)
  A kobold (D:2)
  A quokka (D:5)
2 creatures vanquished.

Grand Total: 109 creatures vanquished

Notes
Turn   | Place    | Note
-------+----------+-------------------------------------------
     0 | D:1      | monsoonserge the Djinni Venom Mage began the quest for the
                  | Orb.
     0 | D:1      | monsoonserge set off with the following spells memorised:
                  | Sting, Poisonous Vapours, Mephitic Cloud, Olgreb's Toxic
                  | Radiance.
     0 | D:1      | Reached XP level 1. HP: 15/15 MP: 0/0
    88 | D:1      | Reached XP level 2. HP: 17/21 MP: 0/0
   216 | D:1      | Reached skill level 3 in Spellcasting
   559 | D:2      | Reached XP level 3. HP: 16/25 MP: 0/0
   559 | D:2      | Learned a level 1 spell: Beastly Appendage
   731 | D:2      | Found Rufizueh's Magic Scroll Shoppe.
   745 | D:2      | Bought a scroll of summoning for 104 gold pieces
   745 | D:2      | Bought a scroll of teleportation for 33 gold pieces
  1165 | D:2      | Reached XP level 4. HP: 31/31 MP: 0/0
  1644 | D:3      | Found Ilolifer's Assorted Antiques.
  1650 | D:3      | Identified the +1 robe of Tomorrow {Fly rC- rN+ Will++}
  1666 | D:3      | Bought a golden potion for 21 gold pieces
  1666 | D:3      | Bought a scroll labelled ENOPNI YTUQODU for 24 gold pieces
  1747 | D:3      | Identified the +1 scale mail "Buvulol" {Will++ Str-4
                  | Stlth+}
  1788 | D:3      | Found a shimmering altar of Xom.
  2262 | D:4      | Found Wytzuig's Magic Scroll Emporium.
  2281 | D:4      | Reached skill level 1 in Axes
  2281 | D:4      | Reached XP level 5. HP: 32/35 MP: 0/0
  2281 | D:4      | Learned a level 2 spell: Momentum Strike
  2293 | D:4      | Found an iron altar of Okawaru.
  2306 | D:4      | Found a hazy altar of Hepliaklqana.
  2310 | D:4      | Found a glowing golden altar of the Shining One.
  2311 | D:4      | Found a glowing silver altar of Zin.
  2402 | D:4      | Found Fobumn's Assorted Antiques.
  2414 | D:4      | Bought a scroll labelled BEAHASEDWE for 27 gold pieces
  2414 | D:4      | Bought a scroll labelled UQIUMI GETO for 27 gold pieces
  2427 | D:4      | Reached skill level 4 in Spellcasting
  2427 | D:4      | Reached XP level 6. HP: 36/41 MP: 0/0
  2490 | D:4      | Found Ijozim's Jewellery Boutique.
  2492 | D:4      | Found Perucu's Assorted Antiques.
  2495 | D:4      | Found Juibux's General Store.
  2553 | D:4      | Found a glowing drain.
  2562 | Sewer    | Entered a sewer
  2845 | D:4      | Bought a scroll labelled ENOPNI YTUQODU for 23 gold pieces
  2949 | D:4      | Noticed Duvessa
  2949 | D:4      | Noticed Dowan
  2960 | D:5      | Entered Level 5 of the Dungeon
  3125 | D:5      | Reached skill level 1 in Fighting
  3125 | D:5      | Reached XP level 7. HP: 40/47 MP: 0/0
  3125 | D:5      | Learned a level 3 spell: Gell's Gravitas
  3303 | D:4      | Bought a scroll labelled MEUFOTO OGYUTO for 23 gold pieces
  3450 | D:5      | Identified the +0 leather armour of Terror {Int-5 Dex+2
                  | SInv}
  3514 | D:5      | Found a white marble altar of Elyvilon.
  3547 | D:5      | Became a worshipper of Elyvilon the Healer
  3791 | D:5      | Reached skill level 5 in Spellcasting
  3953 | D:4      | Bought a scroll labelled USICHECUUPT for 27 gold pieces
  4422 | D:6      | Found a blossoming altar of Fedhas.
  4463 | D:6      | Found a runed translucent door.
  4464 | D:6      | Noticed Crazy Yiuf
  4546 | D:6      | Reached XP level 8. HP: 13/54 MP: 0/0
  4724 | D:6      | Reached * piety under Elyvilon
  4815 | D:4      | Killed Dowan
  4818 | D:4      | Elyvilon protects you from harm!
  4820 | D:4      | Killed Duvessa
  4821 | D:4      | Reached skill level 1 in Invocations
  5317 | D:6      | Slain by an orc wizard

Illustrated notes

Levels and vault maps discovered:
D:1:      wander_arrival_chamber, layout_rooms, minmay_gold_behind_fungi,
          corexii_leaking_fountain
D:2:      layout_loops_cross, serial_shops, nicolae_shop_tiny_glass,
          lexackson_kobold_supper
D:3:      layout_loops_ring, lemuel_crystal_altar, serial_shops, shop
D:4:      layout_rooms, minitemple, serial_shops, shop, nicolae_shop_trees,
          portal_sewer_entry_d, nicolae_wooded_promenade, uniq_duvessa
D:5:      layout_gridville, marbit_many_paths, elyvilon_altar_4,
          nrook_loot_triangle
D:6:      layout_gridville, grunt_temple_overflow_growth_and_decay,
          nicolae_qazlal_general_emergency, nicolae_ru_sacrificial_ziggurat,
          minmay_temple_entry_nine_rooms, serial_glass, glass_columns_c,
          glass_columns_a, glass_columns_b, glass_columns_a, glass_columns_a,
          glass_columns_a, nicolae_concentric_dashed_squares_wild,
          minmay_misc_feat_doors, minmay_misc_feat_rugged,
          uniq_crazy_yiuf_cottage
D:7:      kennysheep_big_flooded_room, layout_basic,
          lemuel_coloured_pillars_altar, trog_ov_bears_minmay,
          nzn_makhleb_speed_demon, serial_co_window_serial, co_window_paths_a,
          co_window_paths_b, co_window_cross_1, co_window_corner_a,
          co_window_paths_a, co_window_broadway_c, co_window_corner_b,
          co_window_corner_cb, co_window_sun, co_window_paths_d, glass_columns_a

Skill      XL: |  1  2  3  4  5  6  7  8 |
---------------+-------------------------+-----
Spellcasting   | 3 4 5 |  5.7
Stealth        | 2 3 |  3.2
Axes           | 1 2 |  2.9
Fighting       | 1 2 |  2.0
Dodging        | 3 |  3.2
Invocations    | 1 |  1.0
Short Blades   | |  0.1
Armour         | |  0.4

Action                     |  1- 3 |  4- 6 |  7- 9 || total
---------------------------+-------+-------+-------++-------
  Melee: Hand axe          |    39 |    51 |    21 ||   111
         Unarmed           |     1 |       |       ||     1
         Headbutt          |       |     1 |     3 ||     4
         Staff             |       |       |     7 ||     7
         Punch             |       |       |     2 ||     2
         Rapier            |       |       |    32 ||    32
  Throw: Boomerang         |       |       |     1 ||     1
   Cast: Sting             |    27 |    45 |    46 ||   118
         Poisonous Vapours |     1 |     4 |     1 ||     6
         Mephitic Cloud    |       |     6 |     9 ||    15
         Momentum Strike   |       |     2 |     4 ||     6
         Beastly Appendage |       |     1 |     3 ||     4
         Olgreb's Toxic Ra |       |     4 |     3 ||     7
   Stab: Confused          |       |     5 |       ||     5
         Sleeping          |       |       |     1 ||     1
 Armour: Robe              |     8 |     9 |    10 ||    27
         Leather armour    |     1 |     3 |       ||     4
  Dodge: Dodged            |    34 |    30 |    68 ||   132
